 Dungeon Crawl Stone Soup version 0.28-a0-793-g31680bbd8b (webtiles) character file.

Game seed: 8289648846399252831

0 GenialerGandalf the Sneak (level 1, 0/18 HPs)
             Began as a Hill Orc Brigand on Nov 4, 2021.
             Slain by a bat (1 damage)
             ... on level 1 of the Dungeon.
             The game lasted 00:00:17 (53 turns).

GenialerGandalf the Sneak (Hill Orc Brigand)          Turns: 53, Time: 00:00:17

Health: 0/18       AC:  3    Str: 13    XL:     1   Next: 10%
Magic:  1/1        EV: 11    Int: 11    God:
Gold:   9          SH:  0    Dex: 12    Spells: 0/0 levels left

rFire   . . .      SeeInvis .   a - +2 dagger
rCold   . . .      Faith    .   (no shield)
rNeg    . . .      Spirit   .   b - +0 robe
rPois   .          Reflect  .   (no helmet)
rElec   .          Harm     .   c - +0 cloak
rCorr   .          Rampage  .   (no gloves)
Will    .....                   (no boots)
Stlth   ++........              (no amulet)
HPRegen 0.06/turn               (no ring)
MPRegen 0.07/turn               (no ring)

@: no status effects
A: no striking features
a: no special abilities


You were on level 1 of the Dungeon.
You visited 1 branch of the dungeon, and saw 1 of its levels.

You collected 9 gold pieces.

Inventory:

Hand Weapons
 a - a +2 dagger (weapon)
Missiles
 d - 8 poisoned darts (quivered)
 e - 2 curare-tipped darts
Armour
 b - a +0 robe (worn)
 c - a +0 cloak (worn)


   Skills:
 + Level 2.4 Fighting
 + Level 2.0 Short Blades
 + Level 1.8 Throwing
 + Level 0.7 Dodging
 + Level 3.2 Stealth


You couldn't memorise any spells.
You didn't know any spells.
Your spell library was empty.

Dungeon Overview and Level Annotations

Branches:
Dungeon (1/15)

Altars:


Message History

A bat comes into view.
There is a stone staircase leading down here.
A goblin comes into view. It is wielding a +0 club.
Found 8 gold pieces.
The goblin shouts!
A rat comes into view.
The goblin misses you. The bat hits you but does no damage.
The goblin barely misses you. The bat barely misses you.
The goblin hits you with a +0 club. The bat hits you but does no damage.
The goblin misses you. The bat closely misses you.
The rat bites you but does no damage. The goblin misses you. The bat hits you.
The rat bites you but does no damage. The goblin barely misses you.
The bat hits you but does no damage. The bat barely misses you.
The rat bites you but does no damage. The goblin hits you with a +0 club.
The bat hits you but does no damage. The bat barely misses you.
The rat completely misses you. The goblin barely misses you.
The rat bites you but does no damage. The goblin hits you with a +0 club.
The bat hits you but does no damage. The rat barely misses you.
The goblin completely misses you. The rat bites you. The bat hits you.
The goblin closely misses you. The bat hits you but does no damage.
The rat barely misses you. The goblin barely misses you.
The rat closely misses you. The bat closely misses you.
The goblin barely misses you. The bat hits you but does no damage.
The rat barely misses you. The goblin hits you with a +0 club.
The bat barely misses you. The bat misses you. The rat barely misses you.
The goblin barely misses you. The bat hits you but does no damage.
The rat bites you. The goblin hits you with a +0 club.
* * * LOW HITPOINT WARNING * * *
The bat hits you.
* * * LOW HITPOINT WARNING * * *
The rat closely misses you. The goblin hits you with a +0 club.
* * * LOW HITPOINT WARNING * * *
The rat misses you. The bat barely misses you. The goblin closely misses you.
The bat hits you but does no damage. The bat hits you.
You die...

#.###.......#
#. ##...#..# #.
##.##..###.###
# #.##.........
..###.###.###
.### #>#... #.
#.#.###
#.#####.b...###
.......@g......
$.......r....##
#.#####......#
$......#
###.##.# .. .#
### .


You could see a goblin, a bat and a rat.

Vanquished Creatures
  A frilled lizard (D:1)
1 creature vanquished.

Notes
Turn   | Place    | Note
-------+----------+-------------------------------------------
     0 | D:1      | GenialerGandalf the Hill Orc Brigand began the quest for
                  | the Orb.
     0 | D:1      | Reached XP level 1. HP: 18/18 MP: 1/1
    53 | D:1      | Slain by a bat

Illustrated notes

Levels and vault maps discovered:
D:1:      tarquinn_simple_flora_water_f, layout_loops_ring

Action                   || total
-------------------------++-------
Melee: Dagger            ||     2
Armor: Robe              ||    13
Dodge: Dodged            ||    30

Table legend: (Time is in decaauts)
 A = Elapsed time spent in this place.
 B = Non-inter-level travel time spent in this place.
 C = Inter-level travel time spent in this place.
 D = Time resting spent in this place.
 E = Time spent auto-exploring this place.
 F = Levels seen in this place.
 G = Mean time per level.
                   A        B        C        D        E       F      G
               +--------+--------+--------+--------+--------+-----+--------+
         Total |     53 |     53 |      0 |      0 |      0 |   1 |   53.0 |
       Dungeon |     53 |     53 |      0 |      0 |      0 |   1 |   53.0 |
               +--------+--------+--------+--------+--------+-----+--------+

Top non-repeatable levels by time:
     D:1: 53 daAuts
